 Dungeon Crawl Stone Soup version 0.25-a0-404-gc1b5a34292 (webtiles) character file.

Game seed: 985845557300295117, levelgen mode: deterministic

50 brainwave the Ruffian (level 3, 0/33 HPs)
             Began as a Ghoul Berserker on Jan 11, 2020.
             Was a Follower of Trog.
             Shot with a sling bullet by a goblin (2 damage)
             ... led by Robin
             ... on level 3 of the Dungeon.
             The game lasted 00:14:53 (595 turns).

brainwave the Ruffian (Ghoul Berserker)              Turns: 595, Time: 00:14:54

Health: 0/33       AC:  0    Str: 20    XL:     3   Next: 79%
Magic:  2/2        EV: 12    Int:  3    God:    Trog [*.....]
Gold:   33         SH:  0    Dex:  8    Spells: 2/2 levels left

rFire    . . .     SeeInvis .     - Unarmed
rCold    + . .     Gourm    .   (no shield)
rNeg     + + +     Faith    .   (no armour)
rPois    ∞         Spirit   .   (no helmet)
rElec    .         Reflect  .   (no cloak)
rCorr    .         Harm     .   (no gloves)
MR       .....     Rnd*Tele +   (no boots)
Stlth    +.........             (no amulet)
HPRegen  0.00/turn              e - ring of teleportation (curse)
MPRegen  0.08/turn              (no ring)

@: very slightly contaminated, rotting
A: rotting body, claws 1, carnivore, cold resistance 1, negative energy
resistance 3, inhibited regeneration, torment resistance, unbreathing
a: Renounce Religion


You were on level 3 of the Dungeon.
You worshipped Trog.
Trog was aware of your devotion.
You were not hungry.

You visited 1 branch of the dungeon, and saw 3 of its levels.

You collected 33 gold pieces.

Inventory:

Armour
 a - a +0 animal skin
 d - a +0 ring mail
 g - a +1 robe {TORG!!!}
 h - a +0 plate armour
Jewellery
 e - a cursed ring of teleportation (left claw)
Scrolls
 c - a scroll of teleportation
Comestibles
 j - a chunk of flesh
 k - a ration


   Skills:
 + Level 3.9 Fighting
 + Level 2.1 Armour
 + Level 2.0 Dodging
 + Level 4.1 Unarmed Combat


You had 2 spell levels left.
You didn't know any spells.
Your spell library was empty.

Dungeon Overview and Level Annotations

Branches:
Dungeon (3/15)

Altars:

Annotations:
D:3 Robin


Innate Abilities, Weirdness & Mutations

Your body is rotting away.
You thrive on raw meat.
You are immune to poison.
You have sharp fingernails.
You are carnivorous and can eat meat at any time.
Your flesh is cold resistant. (rC+)
You are immune to negative energy. (rN+++)
You do not regenerate when monsters are visible.
You are immune to unholy pain and torment.
You can survive without breathing.


Message History

The goblin wields a +0 hunting sling.
The goblin shoots a stone.
The stone misses you.
You see here a stone.
The goblin shoots a stone.
The stone barely misses you.
The goblin shoots a stone.
The stone closely misses you.
You see here a stone.
The goblin shoots a stone.
The stone hits you.
* * * LOW HITPOINT WARNING * * *
The goblin shoots a stone.
The stone closely misses you.
You see here 2 stones.
The goblin shoots a stone.
The stone hits you.
* * * LOW HITPOINT WARNING * * *
You see here 2 stones.
You see here a stone.
You see here a stone.
A goblin comes into view.
The goblin shouts!
You hear a shout! x2
The goblin wields a +0 hunting sling.
The goblin shoots a sling bullet.
The sling bullet hits you.
You die...

##### ....# ....#
....# ######....#
#...(.....#
#.###(.%..# #.#
#@....# #(# ##....#
.#####(####....#
#.......((.#.)..#
#...>.....)#....#
#.........(##.###
#.#####..g.g..####.
. .......g..g.....
.........g...##.


You could see a goblin.

Vanquished Creatures
  3 adders (D:2)
  2 dart slugs (D:1)
  A bat (D:1)
  2 giant cockroaches
  A goblin (D:1)
  3 hobgoblins (D:1)
  3 kobolds
  2 ball pythons (D:1)
  3 frilled lizards (D:1)
  2 rats (D:1)
22 creatures vanquished.

Notes
Turn   | Place    | Note
-------+----------+-------------------------------------------
     0 | D:1      | brainwave the Ghoul Berserker began the quest for the Orb.
     0 | D:1      | Reached XP level 1. HP: 19/19 MP: 0/0
   153 | D:1      | Reached XP level 2. HP: 15/26 MP: 1/1
   443 | D:2      | Reached XP level 3. HP: 32/32 MP: 2/2
   493 | D:2      | Reached skill level 4 in Unarmed Combat
   579 | D:3      | Noticed Robin
   588 | D:3      | HP: 1/33 [goblin/stone[Robin] (4)]
   595 | D:3      | Shot with a sling bullet by a goblin

Levels and vault maps discovered:
D:1:      psy_arrival_spokes, layout_basic
D:2:      layout_loops_cross, first_ration
D:3:      layout_basic, gammafunk_temple_overflow_pools, ebering_ghost_gozag,
          chequers_ecumenical_altar_simple, uniq_robin

Skill      XL: |  1  2  3 |
---------------+----------+-----
Armour         | 2 |  2.1
Dodging        | 2 |  2.0
Unarmed Combat | 4 |  4.1
Fighting       | |  3.9

Action                   || total
-------------------------++-------
Melee: Unarmed           ||    73
       Punch             ||     1
  Use: Scroll            ||     4
       Potion            ||     1
  Eat: Chunk             ||     4
       Ration            ||     1
Armor: Ring mail         ||    34
Dodge: Dodged            ||    53

Table legend:
 A = Non-vault XP
 B = Vault XP
 C = Vault XP percentage of total XP
 D = Non-vault monster count
 E = Vault monster count
 F = Vault count percentage of total count
                 A         B        C        D         E       F
            +---------+---------+-------+---------+---------+-------
      Total |      72 |       0 |   0.0 |      22 |       0 |   0.0
            +---------+---------+-------+---------+---------+-------
        D:1 |      28 |       0 |   0.0 |      16 |       0 |   0.0
        D:2 |      41 |       0 |   0.0 |       4 |       0 |   0.0
        D:3 |       3 |       0 |   0.0 |       2 |       0 |   0.0
            +---------+---------+-------+---------+---------+-------
